 Dungeon Crawl Stone Soup version 0.31-a0-1576-ga3383ba (webtiles) character file.

Game seed: 15890911899410966252

107 smazza the Covered (level 4, -4/57 HPs)
             Began as an Armataur Fighter on Jan 4, 2024.
             Slain by an orc warrior
             ... wielding a +0 dire flail
              (10 damage)
             ... on level 4 of the Dungeon.
             The game lasted 00:08:40 (2477 turns).

smazza the Covered (Armataur Fighter)               Turns: 2477, Time: 00:08:40

Health: -4/57      AC: 29    Str: 21    XL:     4   Next: 56%
Magic:  4/4        EV:  1    Int: 10    God:
Gold:   136        SH:  4    Dex: 10    Spells: 3/3 levels left

rFire   . . .        d - +2 mace (protect)
rCold   . . .        c - +0 buckler
rNeg    . . .        b - melded +0 scale mail
rPois   +            (helmet currently unavailable)
rElec   .            (cloak currently unavailable)
rCorr   .            (gloves currently unavailable)
SInv    .            (no barding)
Will    .....        (no amulet)
Stlth   +            (no ring)
HPRegen 0.29/turn    (no ring)
MPRegen 0.09/turn

%: roll
@: tree-form, under a protective aura, invisible
A: stationary, stasis, torment immunity, boosted hp, large, (deformed body),
(tough skin 3), (armoured tail), roll 1
a: no special abilities


You were on level 4 of the Dungeon.
You were a tree.
You visited 1 branch of the dungeon, and saw 4 of its levels.

You collected 136 gold pieces.

Inventory:

Hand Weapons
 a - a +0 flail
 d - a +2 mace of protection (weapon)
Armour
 b - a +0 scale mail (melded)
 c - a +0 buckler (worn)
Jewellery
 l - the amulet of Ikaogoan {rF++ Regen+ Dex-3 Stlth+}
   (You found it on level 3 of the Dungeon)

   [amulet of regeneration]

   Dex-3:     It affects your dexterity (-3).
   rF++:      It greatly protects you from fire.
   Regen+:    It increases your rate of health regeneration.
   Stlth+:    It makes you more stealthy.
Scrolls
 f - 3 scrolls of amnesia {unknown}
 g - a scroll of fear {unknown}
 i - 3 scrolls of identify {unknown}
 j - 2 scrolls of teleportation {unknown}
 k - a scroll of blinking {unknown}
Potions
 h - a potion of lignification


   Skills:
 + Level 3.2 Fighting
 * Level 3.0 Maces & Flails
 + Level 4.3 Armour
 + Level 4.0 Shields


You had 3 spell levels left.
You didn't know any spells.
Your spell library contained the following spells:

 Spells                   Type           Power      Damage    Failure   Level
 Blink                    Tloc           0%         N/A       56%         2
 Cigotuvi's Dreadful Rot  Necr/Alch/Air  0%         N/A       56%         2
 Lesser Beckoning         Tloc           0%         N/A       56%         2
 Momentum Strike          Conj/Tloc      0%         3d8       56%         2
 Ignite Poison            Fire/Alch      0%         N/A       99%         4
 Freezing Cloud           Conj/Ice/Air   0%         6-21      100%        5


Dungeon Overview and Level Annotations

Branches:
Dungeon (3/15)

Altars:
Trog


Innate Abilities, Weirdness & Mutations

You are a tree.
Your roots penetrate the ground, keeping you stationary.
You cannot be teleported.
You are immune to unholy pain and torment.
Your maximum health is greatly increased.
Your equipment is partially melded.
((Armour fits poorly on your strangely shaped body.))
((You have extremely tough skin. (AC +3)))
((You have a long armoured tail.))
You regenerate magic when rolling toward enemies. (Rampage MPRegen)


Message History

Found a glowing long sword.
The orc warrior shouts!
You fade into invisibility!
Found a bloodstained altar of Trog.
You hit the orc warrior but do no damage.
Your weapon exudes an aura of protection.
The orc warrior hits you with a +0 dire flail!
You hit the orc warrior.
The orc warrior is lightly wounded.
You block the orc warrior's attack.
You barely miss the orc warrior.
The orc warrior is lightly wounded.
You block the orc warrior's attack.
You hit the orc warrior.
Your tail-slap misses the orc warrior.
The orc warrior is lightly wounded.
The orc warrior hits you with a +0 dire flail. x2
It was a potion of lignification.
You turn into a tree.
Your +0 scale mail melds into your body.
Your roots penetrate the ground.
The orc warrior hits you with a +0 dire flail.
You strike the helpless orc warrior from behind!
You hit the orc warrior but do no damage.
The orc warrior is lightly wounded.
The orc warrior hits you with a +0 dire flail.
* * * LOW HITPOINT WARNING * * *
You hit the orc warrior but do no damage.
The orc warrior is lightly wounded.
An orc wizard comes into view. It is wielding a +0 dagger.
The orc warrior hits you but does no damage.
The orc wizard shouts!
You hit the orc warrior but do no damage.
The orc warrior is lightly wounded.
The orc warrior hits you but does no damage.
The orc warrior hits you with a +0 dire flail!
* * * LOW HITPOINT WARNING * * *
You hit the orc warrior.
The orc warrior is moderately wounded.
The orc wizard shouts!
The orc warrior hits you with a +0 dire flail!
You die...

#### #..##
#...##
##.♣..#
##..#o..#
#...##...#
##...##.o.#
###..##....
#...# #.)_
#..## #..
#..# ##
#.##


You could see an orc warrior (unable to see you) and an orc wizard (wandering,
unable to see you).

Vanquished Creatures
  2 adders (D:2)
  3 dart slugs
  9 orcs (D:3)
  6 ball pythons
  6 endoplasms
  4 giant cockroaches (D:1)
  2 goblins (D:2)
  4 hobgoblins
  13 jackals
  2 quokkas
  4 bats
  5 frilled lizards
  A kobold (D:2)
  4 rats
65 creatures vanquished.

Notes
Turn   | Place    | Note
-------+----------+-------------------------------------------
     0 | D:1      | smazza the Armataur Fighter began the quest for the Orb.
     0 | D:1      | Reached XP level 1. HP: 18/18 MP: 1/1
   149 | D:1      | Reached XP level 2. HP: 24/25 MP: 2/2
   805 | D:2      | Reached XP level 3. HP: 23/30 MP: 3/3
  1331 | D:2      | Reached XP level 4. HP: 31/38 MP: 4/4
  2317 | D:3      | Identified the amulet of Ikaogoan {rF++ Regen+ Dex-3
                  | Stlth+}
  2457 | D:3      | You fall into a shaft and drop 1 floor!
  2464 | D:4      | Noticed an orc warrior
  2468 | D:4      | Found a bloodstained altar of Trog.
  2477 | D:4      | Slain by an orc warrior

Illustrated notes

Levels and vault maps discovered:
D:1:      lightli_arrival_statuegarden, layout_loops_ring
D:2:      layout_loops_corners, serial_bayou_crossing
D:3:      layout_basic, hellmonk_no_cap
D:4:      layout_cave_pools, nzn_overflow_gifts_of_might_and_magic,
          serial_bayou, serial_bayou_pond_d, serial_bayou_shore_a,
          serial_bayou_ford_a, serial_bayou_pond_e,
          hellmonk_guarded_unrand_hermit

Skill      XL: |  1  2  3  4 |
---------------+-------------+-----
Maces & Flails | 2 3 |  3.0
Fighting       | 3 |  3.2
Armour         | 4 |  4.3
Shields        | 4 |  4.0

Action                     |  1- 3 |  4- 6 || total
---------------------------+-------+-------++-------
  Melee: Flail             |   123 |    44 ||   167
         Tailslap          |     9 |     5 ||    14
         Mace              |       |    48 ||    48
    Use: Potion            |       |     4 ||     4
   Stab: Invisible         |       |     2 ||     2
 Armour: Scale mail        |    93 |    82 ||   175
         Skin              |       |     6 ||     6
  Dodge: Dodged            |    50 |    29 ||    79
  Block: Buckler           |    16 |    17 ||    33

Table legend: (Time is in decaauts)
 A = Elapsed time spent in this place.
 B = Non-inter-level travel time spent in this place.
 C = Inter-level travel time spent in this place.
 D = Time resting spent in this place.
 E = Time spent auto-exploring this place.
 F = Levels seen in this place.
 G = Mean time per level.
                   A        B        C        D        E       F      G
               +--------+--------+--------+--------+--------+-----+--------+
         Total |   2541 |   2495 |     46 |    332 |   1708 |   4 |  635.2 |
       Dungeon |   2541 |   2495 |     46 |    332 |   1708 |   4 |  635.2 |
               +--------+--------+--------+--------+--------+-----+--------+

Top non-repeatable levels by time:
     D:2: 1026 daAuts
     D:1: 789 daAuts
     D:3: 704 daAuts
     D:4: 21 daAuts
